 Dungeon Crawl Stone Soup version 0.17.1-3-g152610e (webtiles) character file.

129 Jerry the Skirmisher (level 4, -3/41 HPs)
             Began as a Draconian Fighter on Mar 30, 2016.
             Killed from afar by an orc wizard (4 damage)
             ... with a magic dart
             ... on level 4 of the Dungeon.
             The game lasted 00:06:37 (2156 turns).

Jerry the Skirmisher (Draconian Fighter)            Turns: 2156, Time: 00:06:39

Health: -3/41      AC:  5    Str: 23    XL:     4   Next: 88%
Magic:  4/4        EV: 11    Int: 10    God:
Gold:   142        SH:  9    Dex: 10    Spells: 0 memorised, 3 levels left

rFire  . . .     SeeInvis .     g - +0 dagger (venom)
rCold  . . .     Clarity  .     (armour unavailable)
rNeg   . . .     SustAt   .     b - +0 shield
rPois  .         Gourm    .     (helmet restricted)
rElec  .         Spirit   .     (no cloak)
rCorr  .         Warding  .     (no gloves)
rMut   .         Stasis   .     (no boots)
MR     .....                    (no amulet)
Stlth  +.........               (no ring)
                                (no ring)

@: mighty, not resistant to hostile enchantments, very unstealthy
A: unfitting armour, cold-blooded, AC +5
a: no special abilities


You were on level 4 of the Dungeon.
You were not hungry.

You visited 1 branch of the dungeon, and saw 4 of its levels.

You collected 142 gold pieces.

Inventory:

Hand Weapons
 a - a +0 flail
 g - a +0 dagger of venom (weapon)
Armour
 b - a +0 shield (worn)
Scrolls
 e - 3 scrolls of fog {unknown}
 h - 6 scrolls of identify {unknown}
 i - 2 scrolls of remove curse {unknown}
 k - 3 scrolls of teleportation {unknown}
 o - a scroll of enchant armour {unknown}
 p - a scroll of random uselessness {unknown}
 u - a scroll of magic mapping {unknown}
Potions
 c - a potion of might
 j - a potion of heal wounds {unknown}
 l - a potion of agility {unknown}
 m - a potion of haste {unknown}
 n - a potion of brilliance {unknown}
 q - a potion of curing {unknown}
 s - a potion of poison {unknown}
Books
 r - a book of Conjurations

   Spells                             Type                      Level
   a - Magic Dart                     Conjuration                  1
   b - Searing Ray                    Conjuration                  2
   c - Dazzling Spray                 Conjuration/Hexes            3
   d - Fulminant Prism                Conjuration/Hexes            4
   e - Iskenderun's Mystic Blast      Conjuration                  4
   f - Iskenderun's Battlesphere      Conjuration/Charms           5
Comestibles
 d - a bread ration
 f - 5 fruits
 t - 3 chunks of flesh
 v - a meat ration


   Skills:
 + Level 4.3 Fighting
 - Level 2.1 Maces & Flails
 + Level 3.9 Dodging
 + Level 3.8 Shields


You had 3 spell levels left.
You didn't know any spells.

Dungeon Overview and Level Annotations

Branches:
Dungeon (4/15)
 Temple: D:4-7

Altars:
Nemelex Xobeh


Innate Abilities, Weirdness & Mutations

Your plain brown scales are hard (AC +5).
Your body does not fit into most forms of armour.
You are cold-blooded and may be slowed by cold attacks.


Message History

You kill the orc wizard!
You closely miss the orc. The orc hits you with a short sword.
* * * LOW HITPOINT WARNING * * *
You completely miss the orc. The orc closely misses you.
An orc comes into view. It is wielding a whip.
You closely miss the orc.
The orc shouts!
You block the orc's attack.
You hit the orc but do no damage. You block the orc's attack.
A quokka comes into view.
You closely miss the orc. You block the orc's attack.
The orc closely misses you.
An orc comes into view. It is wielding a short sword.
The orc shouts!
You hit the orc.
The orc is poisoned.
You tail-slap the orc.
The orc is severely wounded.
You kill the orc!
The orc wizard gestures at you while chanting.
The magic dart hits you!
You die...

#.# ..#
#######.#######..#
#.........#...o..#
#.........#....$.#
# #.........o...o#
# #.........#....#
####.........#....#
........##..##.#)##
#####..####>##.#@#
.......# #..#.#.#
####.### ##.#.#.# #
#. .#.#.# . .. #r#
# #.. .%# #.#


You could see an orc wizard, 2 orcs and a quokka.

Vanquished Creatures
  An orc wizard (D:4)
  2 adders
  An ooze (D:3)
  A worm (D:3)
  2 orcs
  9 bats
  9 giant cockroaches
  10 hobgoblins
  2 jackals (D:1)
  5 giant newts
  10 goblins
  10 kobolds
  7 rats
69 creatures vanquished.

Notes
Turn   | Place    | Note
--------------------------------------------------------------
     0 | D:1      | Jerry the Draconian Fighter began the quest for the Orb.
     0 | D:1      | Reached XP level 1. HP: 19/19 MP: 1/1
   437 | D:1      | Reached XP level 2. HP: 20/26 MP: 2/2
   943 | D:2      | Reached XP level 3. HP: 19/33 MP: 3/3
  1148 | D:2      | Found a sparkling altar of Nemelex Xobeh.
  1721 | D:3      | Reached skill level 4 in Fighting
  1721 | D:3      | Reached XP level 4. HP: 40/40 MP: 4/4
  2151 | D:4      | HP: 1/41 [orc/short sword (5)]
  2156 | D:4      | Killed from afar by an orc wizard

Action                   |  1- 3 |  4- 6 || total
-------------------------+-------+-------++-------
Melee: Flail             |    24 |       ||    24
       Dagger            |   107 |    60 ||   167
  Use: Potion            |       |     1 ||     1
 Stab: Sleeping          |       |     1 ||     1
  Eat: Chunk             |     3 |     1 ||     4
